 Dungeon Crawl Stone Soup version 0.14-a0-2432-g6b3afca (webtiles) character file.

174 HollowCharge the Covered (level 4, -2/28 HPs)
             Began as a Tengu Fighter on Feb 4, 2014.
             Slain by a centaur (6 damage)
             ... on Level 3 of the Dungeon.
             The game lasted 00:10:01 (2022 turns).

HollowCharge the Covered (Tengu Fighter)            Turns: 2022, Time: 00:10:11

HP  -2/28        AC  6     Str 16      XL: 4   Next: 74%
MP   5/5         EV  7     Int  9      God:
Gold 74          SH 18     Dex 14      Spells:  0 memorised,  3 levels left

rFire  . . .     SeeInvis .     a - +0 falchion
rCold  . . .     Clarity  .     u - +1 ring mail
rNeg   . . .     Conserve .     c - +0 shield
rPois  .         rCorr    .     (helmet restricted)
rElec  .         rRot     .     (no cloak)
SustAb . .       Spirit   .     (no gloves)
rMut   .         Warding  .     (boots unavailable)
Saprov . . .     Stasis   .     (no amulet)
MR     .....                    (no ring)
                                (no ring)

@: not resistant to hostile enchantments, very unstealthy
A: beak, talons 3
a: no special abilities


You were on level 3 of the Dungeon.
You were not hungry.

You visited 1 branch of the dungeon, and saw 3 of its levels.

You collected 74 gold pieces.

Inventory:

Hand weapons
 a - a +0,+0 falchion (weapon)
Armour
 c - a +0 shield (worn)
 g - a +3 plate armour
 u - a +1 ring mail (worn)
Comestibles
 d - 3 bread rations
 p - a pear
 s - an apple
 v - a chunk of orc flesh
 w - an orange
Scrolls
 h - 2 scrolls of identify {unknown}
 k - 2 scrolls of teleportation {unknown}
 o - a scroll of magic mapping {unknown}
 q - a scroll of enchant armour {unknown}
Jewellery
 j - a cursed +5 ring of dexterity {unknown}
 l - an uncursed ring of protection from cold {unknown}
 m - an uncursed amulet of warding {unknown}
 n - an uncursed amulet of rage {unknown}
 r - an uncursed ring of ice {unknown}
Potions
 e - a potion of heal wounds {unknown}
 f - a potion of might {unknown}
 i - 2 potions of curing {unknown}
 t - 2 potions of lignification {unknown}


   Skills:
 + Level 3.3 Fighting
 * Level 3.6 Long Blades
 + Level 4.0 Armour
 + Level 1.6 Dodging
 + Level 3.3 Shields


You had 3 spell levels left.
You didn't know any spells.

Dungeon Overview and Level Annotations

Branches:
Dungeon (3/16)

Altars:
Dithmengos
Fedhas
Vehumet


Innate Abilities, Weirdness & Mutations

You have a beak for a mouth.
You have claws for feet.


Message History

You see here an arrow.
The centaur unwields an uncursed glowing bow.
The centaur hits you. You block the centaur's attack.
Found 20 darts.
Your shield and ring mail prevent you from hitting the centaur.
The centaur hits you but does no damage.
You block the giant cockroach's attack.
You hit the centaur. You claw the centaur.
You peck the centaur, but do no damage.
The centaur is heavily wounded.
You block the centaur's attack. You block the giant cockroach's attack.
The centaur hits you but does no damage.
The giant cockroach bites you.
You barely miss the centaur. You claw the centaur, but do no damage.
You peck the centaur.
The centaur is heavily wounded.
The centaur hits you!
* * * LOW HITPOINT WARNING * * *
You block the giant cockroach's attack. The centaur hits you.
You die...

###### .....# ###### .....#
..#...## .....#
........#####.. .....#
......[.........
.....####...............
)#......# #.....sc......(
.#......####....@........
#.......#≈_#...(.######...
#.....#.##.#....(######...
#.....#..'.#...............
#.....#.##.#..###..........
#.....#.#≈_#..###..........
........####...............
##...######.....#..........
.....##....................


You could see a centaur and a giant cockroach.

Vanquished Creatures
  5 adders
  A giant mite (D:2)
  A worm (D:2)
  A giant gecko (D:3)
  An ooze (D:2)
  An orc (D:3)
  3 bats
  7 hobgoblins
  6 kobolds
  A ball python (D:2)
  A giant cockroach (D:1)
  3 giant newts
  7 goblins
  2 jackals (D:1)
  2 rats (D:2)
42 creatures vanquished.

Notes
Turn   | Place    | Note
--------------------------------------------------------------
     0 | D:1      | HollowCharge, the Tengu Fighter, began the quest for the Orb.
     0 | D:1      | Reached XP level 1. HP: 14/14 MP: 1/1
   202 | D:1      | Reached XP level 2. HP: 19/19 MP: 3/3
   704 | D:2      | Reached XP level 3. HP: 21/23 MP: 4/4
   842 | D:2      | Reached skill level 1 in Dodging
  1072 | D:2      | Found a blossoming altar of Fedhas.
  1360 | D:2      | Reached XP level 4. HP: 28/28 MP: 5/5
  1408 | D:2      | Reached skill level 4 in Armour
  1962 | D:3      | Found a radiant altar of Vehumet.
  1962 | D:3      | Found a shadowy altar of Dithmengos.
  2017 | D:3      | Noticed a centaur
  2022 | D:3      | Slain by a centaur

Action                   |  1- 3 |  4- 6 || total
-------------------------+-------+-------++-------
Melee: Falchion          |    69 |    41 ||   110
